 Dungeon Crawl Stone Soup version 0.27-a0-1186-g8b4daa1eef (webtiles) character file.

Game seed: 4528422892719772135

788 robertstho the Skirmisher (level 7, -2/96 HPs)
             Began as a Minotaur Berserker on May 19, 2021.
             Was a Priest of Trog.
             Slain by a hornet (6 damage)
             ... on level 5 of the Dungeon.
             The game lasted 00:06:17 (3875 turns).

robertstho the Skirmisher (Minotaur Berserker)      Turns: 3875, Time: 00:06:17

Health: -2/96      AC: 11    Str: 23    XL:     7   Next: 56%
Magic:  0/6        EV:  8    Int:  5    God:    Trog [***...]
Gold:   199        SH:  2    Dex:  9    Spells: 6/6 levels left

rFire    . . .     SeeInvis .   a - +1 hand axe
rCold    . . .     Faith    .   n - +0 buckler
rNeg     . . .     Spirit   +   m - +0 chain mail
rPois    +         Reflect  .   (helmet restricted)
rElec    .         Harm     .   b - +0 cloak
rCorr    .         Rampage  .   (no gloves)
Will     .....                  (no boots)
Stlth    ..........             i - amulet of guardian spirit
HPRegen  0.26/turn              d - ring of poison resistance
MPRegen  0.10/turn              (no ring)

@: mighty, berserking, very quick
A: horns 2, retaliatory headbutt
a: Renounce Religion, Berserk, Trog's Hand


You were on level 5 of the Dungeon.
You worshipped Trog.
Trog was most pleased with you.
You visited 1 branch of the dungeon, and saw 5 of its levels.

You collected 199 gold pieces.

Inventory:

Hand Weapons
 a - a +1 hand axe (weapon)
 j - a +2 trident of flaming
Armour
 b - a +0 cloak (worn)
 m - a +0 chain mail (worn)
 n - a +0 buckler (worn)
Jewellery
 d - a ring of poison resistance (left hand)
 i - an amulet of guardian spirit (around neck)
Scrolls
 c - 2 scrolls of enchant armour
 f - a scroll of enchant weapon
 k - a scroll of fear {unknown}
 l - a scroll of teleportation
Potions
 e - 2 potions of curing


   Skills:
 * Level 6.7 Fighting
 + Level 6.2 Axes
 * Level 6.5 Armour
 + Level 3.2 Dodging


You had 6 spell levels left.
You didn't know any spells.
Your spell library was empty.

Dungeon Overview and Level Annotations

Branches:
Dungeon (5/15)
 Temple: D:4-7

Altars:
Makhleb
Vehumet

Annotations:
D:3 2 transporters, voltaire321's ghost, weakling MiGl


Innate Abilities, Weirdness & Mutations

You have a pair of horns on your head.
You reflexively headbutt those who attack you in melee.


Message History

* * * LOW HITPOINT WARNING * * *
You closely miss the gnoll. You headbutt the gnoll.
You kill the gnoll!
Trog accepts your kill.
Items here: ) [[ †.
j - a +2 trident of flaming You start putting on your armour.
You continue putting on your +0 buckler. x4
You finish putting on your +0 buckler.
Things that are here:
a +0 scythe; a +0 robe
Found 6 gold pieces.
You hear the hiss of a distant avalanche of sand.
You now have 199 gold pieces (gained 6).
You feel yourself speed up.
As you read the scroll labelled ECILLE ZAMI, it crumbles to dust.
You feel aware of your surroundings.
You sensed 2 altars, and 1 shop/portal.
It was a scroll of magic mapping.
You see here a scorpion corpse.
You recover from your berserk rage.
Magic restored.
Found a spear.
Found a ruby potion.
Found 9 gold pieces.
Found a stone staircase leading down.
A hornet comes into view.
Found 13 gold pieces.
Okay, then.
You aren't carrying any items that you can evoke without wielding.
You feel very mighty all of a sudden.
You hear the brisk hiss of an avalanche of sand.
The hornet stings you but does no damage.
The hornet stings you!
* * * LOW HITPOINT WARNING * * *
A red film seems to cover your vision as you go berserk!
You feel yourself moving faster!
You feel mighty! The hornet stings you!
* * * LOW HITPOINT WARNING * * *
Your shield and chain mail prevent you from hitting the hornet.
The hornet stings you!
You die...

****,,* ****,**,,**,*******,,,**
**,**,,* *,,,,,.$.#*,,,,,,,,,..,,
*,,,*,,**#,,,,*#..#******#.#...**
,,,,,,,,,..,***#..# #.##.#*
,,,,,,,***#.***#..# #.##.###
**,*,*** *..,*#..# #.##)...
*,*+*******+.##.># #.##.##.
*,**,,,*,,,#..y..# #.##.#..
*,**,>,*,∩,***#@#* #.#.....
*,**,,,*,,,* #.# #<......
**,********** #.### ###.....
*,***,,,*,,,*###...##########(#..
,****,>,*,>,*#................##.
*,*,*,,,*,,,#.####.######.######.
*,,,+*******+,* #.# #.# #.
,,,,,** ****,,* #.# #.# #.
*,,,,,***,**#.####.######.# #(


You could see a hornet.

Vanquished Creatures
  Sigmund (D:5)
  A water moccasin (D:4)
  A gnoll sergeant (D:5)
  A scorpion (D:5)
  A centaur skeleton (D:4)
  Jessica (D:2)
  3 iguanas
  2 orc wizards (D:4)
  A hound skeleton (D:4)
  4 gnolls (D:5)
  8 adders
  3 worms
  3 dart slugs
  15 orcs
  5 endoplasms
  2 giant cockroaches
  5 hobgoblins
  4 jackals (D:1)
  5 kobolds
  4 quokkas
  3 ball pythons
  4 bats
  A frilled lizard (D:1)
  7 goblins
  7 rats
92 creatures vanquished.

Vanquished Creatures (others)
  6 plants (D:3)
  4 toadstools (D:1)
10 creatures vanquished.

Grand Total: 102 creatures vanquished

Notes
Turn   | Place    | Note
-------+----------+-------------------------------------------
     0 | D:1      | robertstho the Minotaur Berserker began the quest for the
                  | Orb.
     0 | D:1      | Reached XP level 1. HP: 19/19 MP: 0/0
   287 | D:1      | Reached XP level 2. HP: 15/27 MP: 1/1
   797 | D:1      | You fall into a shaft and drop 1 floor!
   810 | D:2      | Reached XP level 3. HP: 34/34 MP: 2/2
   859 | D:2      | Noticed Jessica
   868 | D:2      | Killed Jessica
   868 | D:2      | Reached ** piety under Trog
   869 | D:2      | Reached XP level 4. HP: 41/41 MP: 3/3
  1013 | D:2      | Found a burning altar of Makhleb.
  1351 | D:3      | Found a radiant altar of Vehumet.
  1385 | D:3      | Reached skill level 5 in Fighting
  1624 | D:3      | Found a faded altar of an unknown god.
  1733 | D:3      | Found a transporter.
  1832 | D:3      | Found a transporter.
  1836 | D:3      | Noticed voltaire321's ghost (weakling MiGl)
  1957 | D:3      | Reached XP level 5. HP: 48/48 MP: 4/4
  2204 | D:4      | Reached *** piety under Trog
  2205 | D:4      | Reached skill level 5 in Axes
  2602 | D:4      | Reached XP level 6. HP: 51/57 MP: 5/5
  3318 | D:4      | Noticed a water moccasin
  3335 | D:4      | Killed a water moccasin
  3336 | D:4      | Reached skill level 5 in Armour
  3555 | D:5      | Entered Level 5 of the Dungeon
  3574 | D:5      | Noticed Sigmund
  3796 | D:5      | Killed Sigmund
  3797 | D:5      | Reached XP level 7. HP: 59/64 MP: 3/6
  3872 | D:5      | Noticed a hornet
  3874 | D:5      | HP: 4/96 [hornet (10)]
  3875 | D:5      | Slain by a hornet

Illustrated notes

Levels and vault maps discovered:
D:1:      ldierk_walled_garden_2, layout_basic
D:2:      layout_basic, basic_altar, kennysheep_generic_room_13, uniq_jessica
D:3:      layout_basic, nicolae_overflow_crystal_walls,
          gammafunk_ghost_gnarly_gnolls, basic_ecumenical_altar, wad_orctagon
D:4:      layout_loops_corners, grunt_tough_drop
D:5:      layout_loops_ring, elyvilon_altar_3, lemuel_crystal_altar,
          nicolae_ossuary_entry_false_entrances, uniq_sigmund, uniq_menkaure,
          uniq_edmund, uniq_ijyb

Skill      XL: |  1  2  3  4  5  6 |
---------------+-------------------+-----
Fighting       | 4 5 6 |  6.7
Axes           | 4 5 6 |  6.2
Armour         | 3 4 6 |  6.5
Dodging        | 3 |  3.2

Action                   |  1- 3 |  4- 6 |  7- 9 || total
-------------------------+-------+-------+-------++-------
Melee: Hand axe          |    45 |   157 |    16 ||   218
       Headbutt          |    10 |    34 |     4 ||    48
Invok: Berserk           |       |     3 |     1 ||     4
       Trog's Hand       |       |     2 |       ||     2
  Use: Scroll            |     3 |     5 |     1 ||     9
       Potion            |       |       |     1 ||     1
Armor: Animal skin       |     8 |       |       ||     8
       Scale mail        |     4 |    81 |       ||    85
       Chain mail        |       |    11 |    11 ||    22
Dodge: Dodged            |    25 |    72 |    12 ||   109

Table legend: (Time is in decaauts)
 A = Elapsed time spent in this place.
 B = Non-inter-level travel time spent in this place.
 C = Inter-level travel time spent in this place.
 D = Time resting spent in this place.
 E = Time spent auto-exploring this place.
 F = Levels seen in this place.
 G = Mean time per level.
                   A        B        C        D        E       F      G
               +--------+--------+--------+--------+--------+-----+--------+
         Total |   3916 |   3800 |    116 |    189 |   3012 |   5 |  783.2 |
       Dungeon |   3916 |   3800 |    116 |    189 |   3012 |   5 |  783.2 |
               +--------+--------+--------+--------+--------+-----+--------+

Top non-repeatable levels by time:
     D:4: 1581 daAuts
     D:3: 851 daAuts
     D:1: 800 daAuts
     D:2: 549 daAuts
     D:5: 133 daAuts
